Croesus, chaotic male elven Ranger -------- ------ |<|>...---....| |^|-......``..| |^||.```|.`.`.| |^||....|.....| |^|------.----| |^| |.a..(/| |^------`@....| |.............| |..-----......| ---- -------- Croesus the Trailblazer Experience level: 7 Strength: 17 Dexterity: 12 Constitution: 16 Intelligence: 16 Wisdom: 14 Charisma: 8 Health: 0(39) Energy: 35(35) Def: 7 Gold: 0 Moves: 6904 Dungeon seed: J-fCMK60sa4LMRur Game ID: Croesus_1557145144 Your Inventory: Amulets U - an uncursed amulet of reflection Weapons a - the uncursed +0 Grimtooth (alternate weapon; not wielded) b - an uncursed +1 elven bow (weapon in hand) c - 19 uncursed +2 elven arrows d - 31 uncursed +0 elven arrows (in quiver) p - 2 uncursed +0 orcish daggers r - an uncursed +0 sling s - an uncursed +0 dwarvish spear w - an uncursed +1 elven dagger Armor e - an uncursed +2 elven cloak (being worn) O - an uncursed +0 ring mail (being worn) X - an uncursed +0 orcish helm (being worn) Comestibles f - 4 uncursed lembas wafers g - an uncursed fortune cookie l - an uncursed lichen corpse o - an uncursed banana E - an uncursed male lizard corpse F - an uncursed clove of garlic H - 5 uncursed food rations P - an uncursed cram ration Z - an uncursed egg Scrolls V - 2 cursed scrolls of earth Rings j - an uncursed ring of regeneration S - an uncursed ring of invisibility Wands L - an uncursed wand of sleep (0:3) M - an uncursed wand of nothing (0:3) Tools k - an uncursed skeleton key x - an uncursed +0 pick-axe y - an uncursed tooled horn W - an uncursed mirror Gems n - an uncursed worthless piece of green glass q - an uncursed worthless piece of black glass z - 19 uncursed rocks N - an uncursed worthless piece of yellow glass Y - an uncursed worthless piece of orange glass Spells and supernatural/magical abilities: Name Level Category Cost Memory W - pray for help -- divine ? -- Your skills at the end: Fighting Skills wands [Basic] Weapon Skills dagger [Basic] bow [Skilled] Spellcasting Skills Final Attributes: You were piously aligned. You were cold resistant. You were immune to sleep. You saw invisible. You had automatic searching. You had infravision. You were stealthy. You last prayed 81 turns ago. Mars was noncommittal. You are dead. Vanquished creatures: 2 small mimics a wood golem a flaming sphere 2 wraiths a giant beetle a cockatrice 3 winter wolf cubs 11 leprechauns a mumak an ice vortex a black light 2 yetis a lizard a housecat 2 blue jellies a dust vortex a plains centaur a human zombie 3 soldier ants 2 water nymphs a mountain nymph an orc shaman 2 rock piercers 2 shriekers a gnome lord a kobold mummy a gray ooze an elf zombie a straw golem a giant ant 2 little dogs a floating eye a dwarf a homunculus 2 centipedes a wererat an acid blob 2 gas spores 2 hobbits 2 manes a large kobold 4 giant rats 2 brown molds 3 yellow molds 2 green molds 5 garter snakes a gnome zombie 7 geckos 6 jackals a fox 2 kobolds 4 goblins 6 sewer rats 6 grid bugs 6 lichens a kobold zombie 3 newts 126 creatures vanquished. Voluntary challenges: You used a wielded weapon 68 times, starting on turn 466. You read items or engraved 10 times, starting on turn 3367. You never genocided any monsters. You never polymorphed an object. You never changed form. You used no wishes. You never split a pudding. You wrote Elbereth's name 2 times, starting on turn 5059. You never violated your personal moral code. Dungeon overview: The Dungeons of Doom: levels 1 to 10 Level 1 some fountains, a sink, a vault a long staircase Level 2 an altar to Mercury, a fountain Level 3 Level 4 a vault a long staircase Level 5 Level 6 a fountain Level 7 Level 8 some fountains Level 9 many fountains Level 10 some fountains stairs to Sokoban Sokoban: Level 9 <- You were here Unsolved stairs to The Dungeons of Doom History has recorded: On T:1 you entered the Dungeons of Doom to retrieve the Amulet of Yendor! On T:77 you reached level 2 of The Dungeons of Doom. On T:692 you advanced to experience level 2. On T:743 you reached level 3 of The Dungeons of Doom. On T:1334 you advanced to experience level 3. On T:1695 you reached level 4 of The Dungeons of Doom. On T:1883 you reached level 5 of The Dungeons of Doom. On T:2136 you advanced to experience level 4. On T:2201 you reached level 6 of The Dungeons of Doom. On T:2988 you reached level 7 of The Dungeons of Doom. On T:3058 you reached level 8 of The Dungeons of Doom. On T:3623 you advanced to experience level 5. On T:4223 you advanced to experience level 6. On T:5021 you reached level 9 of The Dungeons of Doom. On T:5591 you reached level 10 of The Dungeons of Doom. On T:5817 you advanced to experience level 7. On T:6074 you reached level 4 of Sokoban. On T:6586 you advanced to experience level 8. Score breakdown: Gold: 0 ( 0 points) Experience: 7 levels (13645 points) Exploration: 10 levels ( 21.28%) (13269 points) Discoveries: 9 items ( 3.05%) ( 5240 points) Valuables value: (no points given unless you survive) Artifact value: 300 ( 8431 points) Variety of kills: 57 monsters ( 15.00%) (11618 points) Turncount: 6904 turns (-1831 points) Survival: died (score multiplied by 80%) Total score: 40297 Latest messages: a - the +0 Grimtooth (alternate weapon; not wielded). You are now wielding your Grimtooth. b - an uncursed +1 elven bow (alternate weapon; not wielded). The soldier ant bites! The soldier ant stings! You hit the soldier ant! The soldier ant bites! The soldier ant misses. You are now wielding your elven bow. a - the +0 Grimtooth (alternate weapon; not wielded). You shoot 2 elven arrows. The 1st elven arrow hits the soldier ant. The 2nd elven arrow hits the soldier ant! The soldier ant just misses! The soldier ant stings! The soldier ant misses. The soldier ant stings! You kill the soldier ant! d - an uncursed +0 elven arrow (in quiver). You write in the dust with your fingers. The soldier ant bites! The soldier ant stings! You die... Final status: Goodbye Croesus the Ranger, killed by a soldier ant... You died in Sokoban on dungeon level 9 with 40297 points, and 0 pieces of gold, after 6904 moves. You were level 7 with a maximum of 39 hit points when you died.